Kradschützen Motorcycle Team
Construct Light Support Kompanie
Selects Italian Combined Arms Battlegroup
Construct Mechanized Kompanie
Selects Bersaglieri Squad
Selects Vehicle Support - Secure Location
Selects Vehicle Support - Force Recon
Marder III Tank Destroyer
Selects Semovente da 75/18 Assault Gun
Selects Carro Armato M13/40 Light Tank
Carro Armato M13/40 Light Tank
Marder III Tank Destroyer
Carro Armato M13/40 Light Tank
Construct Panzerarmee Kommand
Carro Armato M13/40 Light Tank
Marder III Tank Destroyer
Marder III Tank Destroyer